 Dungeon Crawl Stone Soup version 0.26.1-11-gd32895ea62 (webtiles) character file.

Game seed: 13402959025480834535

3474 dtburroughs the Fighter (level 9, -5/124 HPs)
             Began as a Minotaur Berserker on July 9, 2021.
             Was a Priest of Trog.
             Slain by a troll (13 damage)
             ... on level 8 of the Dungeon.
             The game lasted 00:16:56 (8579 turns).

dtburroughs the Fighter (Minotaur Berserker)        Turns: 8579, Time: 00:16:57

Health: -5/124     AC: 13    Str: 21    XL:     9   Next: 79%
Magic:  8/8        EV:  9    Int:  7    God:    Trog [***...]
Gold:   391        SH:  0    Dex: 11    Spells: 8/8 levels left

rFire    . . .     SeeInvis .   a - +0 hand axe
rCold    . . .     Faith    .   (no shield)
rNeg     . . .     Spirit   .   A - +0 plate armour
rPois    .         Reflect  .   (helmet restricted)
rElec    .         Harm     .   (no cloak)
rCorr    .         Rampage  .   (no gloves)
Will     .....                  (no boots)
Stlth    ..........             (no amulet)
HPRegen  0.30/turn              (no ring)
MPRegen  0.11/turn              (no ring)

@: berserking, very quick
A: retaliatory headbutt, horns 2
a: Renounce Religion, Berserk, Trog's Hand


You were on level 8 of the Dungeon.
You worshipped Trog.
Trog was most pleased with you.
You visited 1 branch of the dungeon, and saw 8 of its levels.
You also visited: Ossuary.

You collected 391 gold pieces.

Inventory:

Hand Weapons
 a - a +0 hand axe (weapon)
 p - a +1 morningstar of protection
Armour
 i - a +0 chain mail
 A - a +0 plate armour (worn)
Jewellery
 w - a cursed -4 ring of strength {unknown}
Scrolls
 e - a scroll of summoning {unknown}
 h - 2 scrolls of fog
 j - a scroll of blinking
 l - a scroll of enchant weapon {unknown}
 m - 6 scrolls of teleportation
 n - 3 scrolls of fear
 o - 2 scrolls of enchant armour {unknown}
 t - 3 scrolls of immolation {unknown}
 y - a scroll of remove curse
Potions
 b - 3 potions of magic
 c - a potion of haste {unknown}
 d - 4 potions of mutation
 f - 3 potions of brilliance
 g - 2 potions of berserk rage {unknown}
 k - 2 potions of ambrosia {unknown}
 q - 2 potions of flight {unknown}
 r - a potion of cancellation {unknown}
 s - 2 potions of heal wounds {unknown}
 u - 3 potions of attraction {unknown}
 v - 3 potions of resistance {unknown}
 x - 4 potions of curing
 z - a potion of lignification {unknown}
 B - 2 potions of might {unknown}


   Skills:
 + Level 9.2 Fighting
 + Level 9.2 Axes
 + Level 8.7 Armour
 + Level 8.0 Dodging


You had 8 spell levels left.
You didn't know any spells.
Your spell library was empty.

Dungeon Overview and Level Annotations

Branches:
Dungeon (8/15)             Temple (0/1) D:6         Ossuary (visited)
   Lair: D:8-11

Altars:
Dithmenos
Elyvilon
Makhleb
Nemelex Xobeh
Qazlal
Trog
Uskayaw
Vehumet
Xom

Shops:
D:4 [   D:5 *


Innate Abilities, Weirdness & Mutations

You reflexively headbutt those who attack you in melee.
You have a pair of horns on your head.


Message History

The centaur warrior hits you but does no damage.
You see here an arrow.
You hit the centaur warrior but do no damage.
The centaur warrior hits you but does no damage.
The centaur warrior hits you.
* * * LOW HITPOINT WARNING * * *
A red film seems to cover your vision as you go berserk!
You feel yourself moving faster!
You feel mighty!
The centaur warrior hits you but does no damage.
The troll barely misses you. The troll claws you.
* * * LOW HITPOINT WARNING * * *
The troll barely misses you.
You slash the troll! You headbutt the troll!
The troll is severely wounded.
You slash the centaur warrior! The centaur warrior hits you.
* * * LOW HITPOINT WARNING * * *
You hit the troll. Your headbutt misses the troll.
The troll is severely wounded.
You slash the centaur warrior! The troll bites you!
You die...

### #.. . ##########
#.# .. #........# #.#
... #....###.# #.# ..#
#.....##.# #.###T..#
#.....##.#####@#.....##
#.....##.....(TcD.....'
#....###..((.......$..#
#........###.#.#....###
#.....#### #......###
#...รท)# #.#.####
#....(# #.#.# ##..<.#
..... ##.#.# .....#.


You could see a centaur warrior, a troll and a steam dragon.

Vanquished Creatures
  Sigmund (D:4)
  Duvessa (D:5)
  An ogre (D:6)
  3 ice beasts
  A black bear (D:7)
  2 sky beasts
  A phantom (D:4)
  6 centaurs
  6 bullfrogs
  2 gnoll sergeants
  A scorpion (D:7)
  Dowan (D:5)
  4 wights (D:7)
  3 centaur zombies
  A bullfrog zombie (D:6)
  3 human zombies (Ossuary)
  A quasit (D:6)
  3 jellies
  3 orc priests
  6 hounds
  A centaur skeleton (D:8)
  4 orc wizards
  3 iguanas
  2 worker ants (D:5)
  Terence (D:2)
  A killer bee zombie (D:7)
  A hound zombie (D:5)
  3 hound skeletons
  3 mummies (Ossuary)
  8 gnolls
  7 adders
  A white imp (D:5)
  An ooze (D:2)
  3 adder skeletons
  A worm (D:2)
  3 dart slugs
  8 leopard geckos
  15 orcs
  8 giant cockroaches
  6 goblins
  5 hobgoblins
  18 jackals
  3 kobolds
  3 quokkas
  A ball python (D:5)
  6 bats
  3 frilled lizards
  2 goblin zombies (Ossuary)
  A hobgoblin zombie (Ossuary)
  7 rats
179 creatures vanquished.

Vanquished Creatures (others)
  3 plants (D:7)
3 creatures vanquished.

Grand Total: 182 creatures vanquished

Notes
Turn   | Place    | Note
-------+----------+-------------------------------------------
     0 | D:1      | dtburroughs the Minotaur Berserker began the quest for the
                  | Orb.
     0 | D:1      | Reached XP level 1. HP: 19/19 MP: 0/0
   403 | D:1      | Reached XP level 2. HP: 27/27 MP: 1/1
   992 | D:1      | Found a stormy altar of Qazlal.
  1062 | D:2      | Noticed Terence
  1080 | D:2      | Killed Terence
  1081 | D:2      | Reached XP level 3. HP: 26/33 MP: 2/2
  1407 | D:2      | You fall into a shaft and drop 1 floor!
  1455 | D:3      | Noticed an ice beast
  1468 | D:3      | Killed an ice beast
  1469 | D:3      | Reached XP level 4. HP: 13/41 MP: 3/3
  1469 | D:3      | Reached XP level 5. HP: 15/47 MP: 4/4
  1978 | D:2      | Reached ** piety under Trog
  2030 | D:2      | Found a shimmering altar of Xom.
  2140 | D:2      | Found a radiant altar of Vehumet.
  2688 | D:3      | Reached skill level 5 in Axes
  3196 | D:4      | Reached skill level 5 in Fighting
  3243 | D:4      | Noticed a phantom
  3286 | D:4      | Killed a phantom
  3287 | D:4      | Reached XP level 6. HP: 35/56 MP: 5/5
  3454 | D:4      | Found a white marble altar of Elyvilon.
  3638 | D:4      | Found Naxeqiwk's Armour Emporium.
  3741 | D:4      | Found a bloodstained altar of Trog.
  3783 | D:5      | Entered Level 5 of the Dungeon
  3783 | D:5      | Noticed Sigmund
  3796 | D:4      | Killed Sigmund
  3797 | D:4      | Reached skill level 5 in Armour
  3797 | D:4      | Reached XP level 7. HP: 60/62 MP: 6/6
  3835 | D:5      | Found a hide-covered altar of Uskayaw.
  3835 | D:5      | Noticed a +0 dagger
  3835 | D:5      | Noticed a +0 dagger
  3886 | D:5      | Reached *** piety under Trog
  3926 | D:5      | Noticed Dowan
  3943 | D:5      | Killed Dowan
  3946 | D:5      | Noticed Duvessa
  3957 | D:5      | Killed Duvessa
  4167 | D:5      | Reached skill level 5 in Dodging
  4459 | D:5      | Reached XP level 8. HP: 50/71 MP: 7/7
  4509 | D:5      | Found a shadowy altar of Dithmenos.
  4790 | D:5      | Found Eliet's General Store.
  5158 | D:6      | Found a sand-covered staircase.
  5166 | Ossuary  | Entered an ossuary
  5644 | D:6      | Found a staircase to the Ecumenical Temple.
  5708 | D:6      | Reached XP level 9. HP: 71/81 MP: 8/8
  6428 | D:7      | Found a burning altar of Makhleb.
  6818 | D:7      | Found a burning altar of Makhleb.
  6865 | D:7      | Found a sparkling altar of Nemelex Xobeh.
  6888 | D:7      | Reached **** piety under Trog
  7832 | D:7      | HP: 3/77 [wight/+0 halberd (7)]
  7849 | D:7      | HP: 3/75 [wight/+0 halberd (2)]
  8566 | D:8      | Noticed a centaur warrior
  8571 | D:8      | Noticed a troll
  8579 | D:8      | Slain by a troll

Illustrated notes

Levels and vault maps discovered:
D:1:      dpeg_arrival_lava_altar, layout_loops_ring, minmay_tromino_v2
D:2:      layout_basic, lemuel_doored_altar, general_overflow_altar,
          uniq_terence
D:3:      layout_basic
D:4:      layout_basic, old_standard_altar, bloody_trog, serial_shops,
          nicolae_shop_waterfront
D:5:      layout_loops_ring, dancing_weapons_uskayaw, kennysheep_mini_moat,
          serial_shops, nicolae_shop_trees, uniq_duvessa, uniq_sigmund
D:6:      layout_loops_ring, minmay_temple_entry_junction,
          nicolae_ossuary_entry_ruins
D:7:      cheibrodos_two_vegetables, layout_rooms, bloody_makhleb,
          nemelex_xobeh_ov_fountains_minmay, basic_altar, serial_curves,
          eino_curves_02, eino_curves_02, hangedman_decor_slide_cut
D:8:      minmay_slanted_spiral_squares, layout_loops_ring, marbit_many_paths

Skill      XL: |  1  2  3  4  5  6  7  8  9 |
---------------+----------------------------+-----
Fighting       | 4 5 6 7 9 |  9.2
Axes           | 4 5 6 8 9 |  9.2
Armour         | 3 4 5 6 7 8 |  8.7
Dodging        | 3 4 5 6 8 |  8.0

Action                   |  1- 3 |  4- 6 |  7- 9 || total
-------------------------+-------+-------+-------++-------
Melee: Hand axe          |    69 |   121 |   459 ||   649
       Headbutt          |     9 |    22 |   114 ||   145
Invok: Berserk           |     1 |       |     2 ||     3
       Trog's Hand       |       |     1 |    12 ||    13
  Use: Scroll            |       |       |    12 ||    12
       Potion            |       |       |     2 ||     2
Armor: Animal skin       |    10 |       |       ||    10
       Chain mail        |    16 |    55 |   123 ||   194
       Plate armour      |       |       |   108 ||   108
Dodge: Dodged            |    43 |    67 |   221 ||   331
